AoeStats
← 93老玩家回归

Oasis

510104060Analyzed
4v4 RM · 2d ago on Sep 29, 2026· 21m 51s· 8 players
Game mode
Random Map
Map size
Large (8 player)
Population
200
Speed
Normal
Resources
Standard
Victory
Conquest
Starting age
Dark Age
Ending age
Imperial Age
RankedLock teamsTeams togetherTeam positionsShared explorationLock speedFull tech treeHidden civsTurbo modeCheats
Victory
Defeat
🇧🇷 Franks · Brazil
1378
+14
🇺🇸 Ethiopians · United States
1354
+15
🇨🇳 Varangians · China
1346
+16
🇳🇱 Portuguese · Netherlands
1315
+17
🇨🇳 Maya · China
1433
-18
🇨🇳 Ethiopians · China
1401
-18
🇨🇳 Magyars · China
1273
-13
🇨🇳 Portuguese · China
1263
-13
小花花
13:32 Feudal Age
15:20 Loom
17:43 Castle Age
送你一个极瘪
7:02 Loom
10:00 Feudal Age
12:23 Scale Barding Armor
93老玩家回归
7:24 Loom
9:55 Feudal Age
10:34 Double-Bit Axe
19:22 Castle Age
19:58 Fletching
06老玩家回归
0:25 Loom
8:52 Feudal Age
9:21 Double-Bit Axe
13:57 Fletching
13:59 Horse Collar
21:22 Castle Age
Laggy
6:35 Loom
9:19 Feudal Age
10:07 Double-Bit Axe
10:23 Double-Bit Axe
14:28 Town Watch
15:05 Fletching
CheekyChuKoNu
6:30 Loom
9:23 Feudal Age
10:02 Double-Bit Axe
15:54 Fletching
19:23 Castle Age
18:28 Horse Collar
20:00 Bodkin Arrow
21:42 Bow Saw
21:20 Town Watch
Fs.Emmanuel
9:38 Feudal Age
13:25 Castle Age
11:40 Double-Bit Axe
虾仁
9:45 Feudal Age
12:10 Bloodlines
12:38 Bloodlines
12:30 Double-Bit Axe
13:28 Forging
15:19 Scale Barding Armor
16:13 Horse Collar
20:41 Castle Age
18:27 Loom
Connection lost

Rejoining the realm…

Still unreachable

The connection could not be restored.

Session expired

The server has moved on; the page needs a fresh start.